 Dungeon Crawl Stone Soup version 0.20.1-1-g8b1a95d (webtiles) character file.

131 polve the Poker (level 5, -2/38 HPs)
             Began as a Merfolk Skald on July 22, 2017.
             Slain by a goblin
             ... wielding a +3 dagger
             ... led by Robin
              (5 damage)
             ... on level 2 of the Dungeon.
             The game lasted 00:03:18 (3653 turns).

polve the Poker (Merfolk Skald)                     Turns: 3653, Time: 00:03:19

Health: -2/38      AC:  3    Str: 12    XL:     5   Next: 14%
Magic:  7/8        EV: 12    Int: 13    God:
Gold:   61         SH:  0    Dex: 13    Spells: 2/8 levels left

rFire    . . .     SeeInvis .   a - +0 spear
rCold    . . .     Gourm    .   (no shield)
rNeg     . . .     Faith    .   b - +0 leather armour
rPois    .         Spirit   .   (no helmet)
rElec    .         Reflect  .   (no cloak)
rCorr    .         Harm     .   (no gloves)
MR       .....                  (no boots)
Stlth    +.........             (no amulet)
Regen    0.2/turn               (no ring)
MPRegen  0.2/turn               (no ring)

@: infused
A: change form in water, swift swim, stealthy swim
a: no special abilities


You were on level 2 of the Dungeon.
You were hungry.

You visited 1 branch of the dungeon, and saw 3 of its levels.

You collected 61 gold pieces.

Inventory:

Hand Weapons
 a - a +0 spear (weapon)
Armour
 b - a +0 leather armour (worn)
Scrolls
 e - a scroll of enchant weapon {unknown}
 h - a scroll of identify {unknown}
 k - 2 scrolls of remove curse {unknown}
 l - a scroll of teleportation {unknown}
Potions
 f - 2 potions of degeneration {unknown}
 g - a potion of resistance {unknown}
 i - a potion of lignification {unknown}
Books
 c - a book of Battle

   Spells                             Type                      Level
   a - Infusion                       Charms                       1
   b - Shroud of Golubria             Charms/Translocation         2
   c - Song of Slaying                Charms                       2
   d - Spectral Weapon                Hexes/Charms                 3
   e - Regeneration                   Charms/Necromancy            3
Comestibles
 d - a bread ration
 j - a meat ration
 m - a chunk of flesh


   Skills:
 - Level 2.1 Fighting
 + Level 4.8 Polearms
 - Level 0.6 Armour
 - Level 2.6 Dodging
 - Level 2.0 Spellcasting
 + Level 1.6 Hexes
 - Level 4.0 Charms
 - Level 2.0 Translocations


You had 2 spell levels left.
You knew the following spells:

 Your Spells              Type           Power        Failure   Level  Hunger
a - Infusion              Chrm           ##..         6%          1    ##.....
b - Shroud of Golubria    Chrm/Tloc      #.........   14%         2    ###....
c - Spectral Weapon       Hex/Chrm       #.......     30%         3    ####...


Dungeon Overview and Level Annotations

Branches:
Dungeon (3/15)

Altars:

Annotations:
D:3 Robin


Message History

The goblin hits you with a club.
* * * LOW HITPOINT WARNING * * *
Things that are here:
a dagger; a goblin corpse Your magical infusion is running out.
The goblin no longer looks unusually strong.
The goblin no longer looks unusually strong.
You are no longer magically infusing your attacks.
You are feeling hungry.
There is a stone staircase leading up here.
You hit the goblin but do no damage. The goblin closely misses you.
Casting: Infusion
Confirm with . or Enter, or press ? or * to list all spells.
You begin infusing your attacks with magical energy.
The goblin hits you with an enchanted dagger.
* * * LOW HITPOINT WARNING * * *
The goblin hits you but does no damage.
You barely miss the goblin.
The goblin hits you with an enchanted dagger.
You die...

#################################
.................................
#################################
### #######.# #@gg....# #######.#
#.#
######################g##########
...................g.............
##################.##############
#.# # ########## #.########## #
.........# #..........# #


You could see 2 goblins.

Vanquished Creatures
  3 adders (D:2)
  2 oozes (D:1)
  4 worms (D:2)
  2 dart slugs
  A leopard gecko (D:1)
  2 ball pythons (D:1)
  5 bats
  9 giant cockroaches
  14 goblins
  12 hobgoblins
  7 kobolds
  4 frilled lizards
  6 rats
71 creatures vanquished.

Notes
Turn   | Place    | Note
-------+----------+-------------------------------------------
     0 | D:1      | polve the Merfolk Skald began the quest for the Orb.
     0 | D:1      | Reached XP level 1. HP: 16/16 MP: 3/3
   407 | D:1      | Reached XP level 2. HP: 22/22 MP: 5/5
   450 | D:1      | Learned a level 2 spell: Shroud of Golubria
   710 | D:1      | Reached skill level 1 in Translocations
   925 | D:1      | Reached XP level 3. HP: 27/27 MP: 3/6
  1394 | D:1      | Learned a level 3 spell: Spectral Weapon
  1810 | D:2      | Reached XP level 4. HP: 26/33 MP: 7/7
  2398 | D:2      | Reached skill level 1 in Hexes
  3331 | D:3      | Noticed Robin
  3334 | D:3      | Reached XP level 5. HP: 38/38 MP: 8/8
  3618 | D:2      | HP: 1/38 [goblin/club[Robin] (5)]
  3653 | D:2      | Slain by a goblin

Skill      XL: |  1  2  3  4 |
---------------+-------------+-----
Charms         | 4 |  4.0
Translocations | 1 2 |  2.0
Polearms       | 4 |  4.8
Hexes          | 1 |  1.6
Fighting       | |  2.1
Armour         | |  0.6
Dodging        | |  2.6
Spellcasting   | |  2.0

Action                   |  1- 3 |  4- 6 || total
-------------------------+-------+-------++-------
Melee: Spear             |   167 |   161 ||   328
 Cast: Infusion          |    12 |    12 ||    24
 Stab: Sleeping          |     2 |       ||     2
  Eat: Chunk             |     3 |     6 ||     9
Armor: Leather armour    |    34 |    26 ||    60
Dodge: Dodged            |    97 |    98 ||   195
